 Dungeon Crawl Stone Soup version 0.22.1-2-g9c5b331383 (webtiles) character file.

25 Knicklaso the Magician (level 3, -4/25 HPs)
             Began as a Gnoll Wizard on Nov 26, 2018.
             Was an Initiate of Ashenzari.
             Slain by a gnoll
             ... wielding a +0 spear
              (7 damage)
             ... on level 2 of the Dungeon.
             The game lasted 00:03:14 (1545 turns).

Knicklaso the Magician (Gnoll Wizard)               Turns: 1545, Time: 00:03:15

Health: -4/25      AC:  2    Str:  9    XL:     3   Next: 6%
Magic:  6/11       EV: 14    Int: 21    God:    Ashenzari [......]
Gold:   58         SH:  0    Dex: 13    Spells: 13/16 levels left

rFire    . . .     SeeInvis .   o - +0 spear
rCold    . . .     Gourm    .   (no shield)
rNeg     . . .     Faith    .   a - +0 robe
rPois    .         Spirit   .   b - +0 hat
rElec    .         Reflect  .   (no cloak)
rCorr    .         Harm     .   (no gloves)
MR       .....                  (no boots)
Stlth    +++.......             h - amulet of regeneration
HPRegen  0.48/turn              (no ring)
MPRegen  0.12/turn              (no ring)

@: no status effects
A: distributed training, fangs 1, strong nose
a: Curse Item, Renounce Religion


You were on level 2 of the Dungeon.
You worshipped Ashenzari.
Ashenzari was noncommittal.
You were near starving.

You visited 1 branch of the dungeon, and saw 2 of its levels.

You collected 58 gold pieces.

Inventory:

Hand Weapons
 o - a +0 spear (weapon)
Armour
 a - a +0 robe (worn)
 b - a +0 hat (worn)
Jewellery
 h - an amulet of regeneration (around neck)
Scrolls
 c - a scroll of fear {unknown}
 e - 4 scrolls of identify {unknown}
 i - a scroll of amnesia {unknown}
 k - a scroll of magic mapping {unknown}
 m - a scroll of blinking {unknown}
 n - a scroll of fog {unknown}
Potions
 f - a potion of agility {unknown}
 g - 2 potions of heal wounds {unknown}
 j - 2 potions of might {unknown}
 l - a potion of invisibility {unknown}
Comestibles
 d - 3 rations


   Skills:
 + Level 0.5 Fighting
 + Level 0.5 Short Blades
 + Level 0.5 Long Blades
 + Level 0.5 Axes
 + Level 0.5 Maces & Flails
 + Level 0.5 Polearms
 + Level 0.5 Staves
 + Level 0.5 Slings
 + Level 0.5 Bows
 + Level 0.5 Crossbows
 + Level 0.5 Throwing
 + Level 0.5 Armour
 + Level 4.5 Dodging
 + Level 4.1 Stealth
 + Level 0.5 Shields
 + Level 0.5 Unarmed Combat
 + Level 7.1 Spellcasting
 + Level 2.0 Conjurations
 + Level 0.4 Hexes
 + Level 0.4 Charms
 + Level 2.0 Summonings
 + Level 0.4 Necromancy
 + Level 2.0 Translocations
 + Level 0.4 Transmutations
 + Level 0.4 Fire Magic
 + Level 0.4 Ice Magic
 + Level 0.4 Air Magic
 + Level 0.4 Earth Magic
 + Level 0.4 Poison Magic
 + Level 0.7 Invocations
 + Level 0.5 Evocations


You had 13 spell levels left.
You knew the following spells:

 Your Spells              Type           Power        Failure   Level  Hunger
a - Magic Dart            Conj           ###.         3%          1    None
c - Call Imp              Summ           ###.....     5%          2    None

Your spell library contained the following spells:

 Spells                   Type           Power        Failure   Level  Hunger
 Blink                    Tloc           N/A          5%          2    None
 Slow                     Hex            #.......     11%         2    None
 Conjure Flame            Conj/Fire      ##......     16%         3    #......
 Mephitic Cloud           Conj/Pois/Air  ##......     17%         3    #......


Dungeon Overview and Level Annotations

Branches:
Dungeon (2/15)

Altars:
Ashenzari


Innate Abilities, Weirdness & Mutations

Your experience applies equally to all skills.
You have very sharp teeth.
Your uncanny sense of smell can sniff out nearby items.


Message History

A beastly little devil appears in a puff of flame.
The leopard gecko bites you. The gnoll barely misses you.
You barely miss the leopard gecko.
The leopard gecko is lightly wounded.
Your shadow imp disappears in a puff of smoke!
The leopard gecko bites you.
The gnoll hits you from afar with a spear.
Your crimson imp hits the leopard gecko.
You miss the leopard gecko.
The leopard gecko is heavily wounded.
The leopard gecko closely misses you.
The gnoll hits you from afar with a spear!
* * * LOW HITPOINT WARNING * * *
Your crimson imp barely misses the leopard gecko.
Your magical contamination has completely faded away.
You miss the leopard gecko.
The leopard gecko is heavily wounded.
The leopard gecko barely misses you.
The gnoll hits you from afar with a spear!
You die...

####### #.....#
####.....######
...'.....(.....
####....^###### #.....#
# #.....# ...
####.....##########.....
............ggg.@l5....?
###....############.....
........###.......# ##.
.....g#..##.#####
.....5##.#..#...# #.
......##....#...# ...
#.#
......##.####...###.. #.
#.# ......#..#⌠..#+##.⌠#
.# #.# #.#
#..................#
...#.. #.#


You could see 3 gnolls, a leopard gecko and a friendly crimson imp.

Vanquished Creatures
  An adder (D:2)
  2 bats
  2 frilled lizards (D:1)
  4 kobolds (D:1)
  A rat (D:1)
10 creatures vanquished.

Vanquished Creatures (collateral kills)
  An adder (D:2)
  2 worms (D:2)
  A dart slug (D:1)
  2 bats
6 creatures vanquished.

Grand Total: 16 creatures vanquished

Notes
Turn   | Place    | Note
-------+----------+-------------------------------------------
     0 | D:1      | Knicklaso the Gnoll Wizard began the quest for the Orb.
     0 | D:1      | Reached XP level 1. HP: 13/13 MP: 8/8
   631 | D:1      | Reached XP level 2. HP: 19/19 MP: 6/10
   643 | D:1      | Learned a level 2 spell: Call Imp
  1437 | D:2      | Found a shattered altar of Ashenzari.
  1444 | D:2      | Became a worshipper of Ashenzari the Shackled
  1469 | D:2      | Reached XP level 3. HP: 24/25 MP: 11/11
  1545 | D:2      | Slain by a gnoll

Skill      XL: |  1 |
---------------+----+-----
Conjurations   | 2 |  2.0
Summonings     | 2 |  2.0
Translocations | 2 |  2.0
Fighting       | |  0.5
Short Blades   | |  0.5
Long Blades    | |  0.5
Axes           | |  0.5
Maces & Flails | |  0.5
Polearms       | |  0.5
Staves         | |  0.5
Slings         | |  0.5
Bows           | |  0.5
Crossbows      | |  0.5
Throwing       | |  0.5
Armour         | |  0.5
Dodging        | |  4.5
Stealth        | |  4.1
Shields        | |  0.5
Unarmed Combat | |  0.5
Spellcasting   | |  7.1
Hexes          | |  0.4
Charms         | |  0.4
Necromancy     | |  0.4
Transmutations | |  0.4
Fire Magic     | |  0.4
Ice Magic      | |  0.4
Air Magic      | |  0.4
Earth Magic    | |  0.4
Poison Magic   | |  0.4
Invocations    | |  0.7
Evocations     | |  0.5

Action                   || total
-------------------------++-------
Melee: Unarmed           ||     7
       Spear             ||     7
 Cast: Magic Dart        ||    15
       Call Imp          ||    14
 Stab: Distracted        ||     1
Armor: Robe              ||     2
Dodge: Dodged            ||    15
